| TOP OF THE 1ST |
|
Quad Cities River Bandits batting - Pitching for Hickory Crawdads : RHP Loeck Bakker
|
|
Pitching: RHP Loeck Bakker
|
|
|
Batting: LHB Kelvin Jones
|
0-0: Ball 1-0: Ball 2-0: Ball 3-0: Called Strike 3-1: Called Strike 3-2: Ground out 6-3 (Groundball, 6, EV 91.3 MPH)
|
|
Batting: RHB Matt Parker
|
0-0: Ball 1-0: Called Strike 1-1: SINGLE (Groundball, 4MD, EV 101.9 MPH)
|
|
Batting: LHB Chris Cabrera
|
0-0: Called Strike Matt Parker is caught stealing 2nd base 2-6 0-1: Ball 1-1: Foul Ball, location: 2F 1-2: Ball 2-2: Foul Ball, location: 2F 2-2: Ball 3-2: Base on Balls
|
|
Batting: RHB Pete Isley
|
0-0: Ball Chris Cabrera is caught stealing 2nd base 2-4
|
| Top of the 1st over - 0 runs, 1 hit, 0 errors, 0 left on base; Quad Cities 0 - Hickory 0 |
| BOTTOM OF THE 1ST |
|
Hickory Crawdads batting - Pitching for Quad Cities River Bandits : RHP Chris Miles
|
|
Pitching: RHP Chris Miles
|
|
|
Batting: RHB Rick Concha
|
0-0: Foul Ball, location: 2F 0-1: Ball 1-1: Ball 2-1: Bunt missed! 2-2: Hit by Pitch
|
|
Batting: SHB Isaiah Cherry
|
0-0: Ball 1-0: Ball 2-0: Ball 3-0: Called Strike 3-1: DOUBLE (Line Drive, 78D, EV 106.9 MPH) Rick Concha to third Runner from 3rd tries for Home, SAFE, no throw by CF
|
|
Batting: LHB William Hanley
|
0-0: Ball 1-0: Called Strike 1-1: Foul Ball, location: 2F 1-2: Foul Ball, location: 2F 1-2: Strikes out swinging
|
|
Batting: RHB Salvador Caldera
|
0-0: Called Strike 0-1: Called Strike 0-2: Reached on error, E5 (Groundball, 5, EV 105.6 MPH) Isaiah Cherry to third
|
|
Batting: RHB Nate Calderin
|
0-0: Ball 1-0: Called Strike Salvador Caldera steals 2nd base (no throw) 1-1: Fly out, F7 (Flyball, 7LS, EV 91.3 MPH)
|
|
Batting: LHB Casper Kersten
|
0-0: Ball 1-0: Ball 2-0: Ball 3-0: Called Strike 3-1: SINGLE (Groundball, 34D, EV 107.5 MPH) Isaiah Cherry scores Salvador Caldera to third Runner from 3rd tries for Home, SAFE, throw by RF to home
|
|
Batting: RHB George King
|
0-0: Ball 1-0: Ball Casper Kersten is caught stealing 2nd base 2-4
|
| Bottom of the 1st over - 3 runs, 2 hits, 1 error, 0 left on base; Quad Cities 0 - Hickory 3 |
| TOP OF THE 2ND |
|
Quad Cities River Bandits batting - Pitching for Hickory Crawdads : RHP Loeck Bakker
|
|
Batting: RHB Pete Isley
|
0-0: Called Strike 0-1: Foul Ball, location: 2F 0-2: Ball 1-2: Ball 2-2: Ball 3-2: Fly out, F4 (Popup, 4MD, EV 59.4 MPH)
|
|
Batting: LHB Doug Anderson
|
0-0: Ball 1-0: Ball 2-0: Called Strike 2-1: Ground out U3 (Groundball, 3S, EV 66.9 MPH)
|
|
Batting: SHB Paskar Adegoke
|
0-0: Ball 1-0: Ball 2-0: Swinging Strike 2-1: Swinging Strike 2-2: Strikes out swinging
|
| Top of the 2nd over - 0 runs, 0 hits, 0 errors, 0 left on base; Quad Cities 0 - Hickory 3 |
| BOTTOM OF THE 2ND |
|
Hickory Crawdads batting - Pitching for Quad Cities River Bandits : RHP Chris Miles
|
|
Batting: RHB George King
|
0-0: Called Strike 0-1: Ball 1-1: Fly out, F7 (Flyball, 7LS, EV 88.8 MPH)
|
|
Batting: RHB Gavin Fimple
|
0-0: Called Strike 0-1: Swinging Strike 0-2: Fly out, F6 (Popup, 6MS, EV 68.1 MPH)
|
|
Batting: RHB Mike Trujillo
|
0-0: Ball 1-0: Ball 2-0: Foul Ball, location: 2F 2-1: Called Strike 2-2: Ball 3-2: SINGLE (Line Drive, 7S, EV 91.3 MPH)
|
|
Batting: RHB Rick Concha
|
0-0: Ball 1-0: Ball 2-0: Called Strike 2-1: Called Strike 2-2: Strikes out swinging
|
| Bottom of the 2nd over - 0 runs, 1 hit, 0 errors, 1 left on base; Quad Cities 0 - Hickory 3 |
| TOP OF THE 3RD |
|
Quad Cities River Bandits batting - Pitching for Hickory Crawdads : RHP Loeck Bakker
|
|
Batting: RHB Joe Cook
|
0-0: Ball 1-0: Swinging Strike 1-1: Foul Ball, location: 2F 1-2: Foul Ball, location: 2F 1-2: Ball 2-2: SINGLE (Line Drive, 9S, EV 101.3 MPH)
|
|
Batting: RHB Mike Henseler
|
0-0: Foul Ball, location: 2F 0-1: Foul Ball, location: 2F 0-2: Foul Ball, location: 2F 0-2: Foul Ball, location: 2F 0-2: Ball 1-2: Foul Ball, location: 2F 1-2: Ball 2-2: Ball 3-2: Grounds into double play, 6-4-3 (Groundball, 6, EV 82.5 MPH)
|
|
Batting: RHB Steve Moore
|
0-0: Foul Ball, location: 2F 0-1: Ball 1-1: Ball 2-1: Foul Ball, location: 2F 2-2: Foul Ball, location: 2F 2-2: Ball 3-2: Fly out, F4 (Line Drive, 4, EV 72.5 MPH)
|
| Top of the 3rd over - 0 runs, 1 hit, 0 errors, 0 left on base; Quad Cities 0 - Hickory 3 |
| BOTTOM OF THE 3RD |
|
Hickory Crawdads batting - Pitching for Quad Cities River Bandits : RHP Chris Miles
|
|
Batting: SHB Isaiah Cherry
|
0-0: Ball 1-0: Swinging Strike 1-1: Called Strike 1-2: Ball 2-2: Ball 3-2: DOUBLE (Line Drive, 7LM, EV 100.6 MPH)
|
|
Batting: LHB William Hanley
|
0-0: Ball Isaiah Cherry steals 3rd base 1-0: Called Strike 1-1: Ball 2-1: Called Strike 2-2: Ball 3-2: Foul Ball, location: 2F 3-2: Strikes out looking
|
|
Batting: RHB Salvador Caldera
|
0-0: Ball 1-0: Called Strike 1-1: Ball 2-1: Foul Ball, location: 2F 2-2: Ball 3-2: Ground out 6-3 (Groundball, 6, EV 85.0 MPH) Isaiah Cherry scores
|
|
Batting: RHB Nate Calderin
|
0-0: Called Strike 0-1: Ball 1-1: Ball 2-1: Fly out, F9 (Flyball, 9LM, EV 86.3 MPH)
|
| Bottom of the 3rd over - 1 run, 1 hit, 0 errors, 0 left on base; Quad Cities 0 - Hickory 4 |
| TOP OF THE 4TH |
|
Quad Cities River Bandits batting - Pitching for Hickory Crawdads : RHP Loeck Bakker
|
|
Batting: LHB Kelvin Jones
|
0-0: Ball 1-0: Ground out 2-3 (Groundball, 13S, EV 76.3 MPH)
|
|
Batting: RHB Matt Parker
|
0-0: Called Strike 0-1: Ground out 6-3 (Groundball, 6, EV 104.4 MPH)
|
|
Batting: LHB Chris Cabrera
|
0-0: Foul Ball, location: 2F 0-1: Foul Ball, location: 2F 0-2: Ball 1-2: Strikes out looking
|
| Top of the 4th over - 0 runs, 0 hits, 0 errors, 0 left on base; Quad Cities 0 - Hickory 4 |
| BOTTOM OF THE 4TH |
|
Hickory Crawdads batting - Pitching for Quad Cities River Bandits : RHP Chris Miles
|
|
Batting: LHB Casper Kersten
|
0-0: Called Strike 0-1: Ball 1-1: Ground out 4-3 (Groundball, 4, EV 98.8 MPH)
|
|
Batting: RHB George King
|
0-0: Ball 1-0: Ball 2-0: Ball 3-0: Called Strike 3-1: Base on Balls
|
|
Batting: RHB Gavin Fimple
|
0-0: Called Strike 0-1: Ball 1-1: Ball 2-1: Called Strike 2-2: Ball George King steals 2nd base (no throw) 3-2: Base on Balls
|
|
Batting: RHB Mike Trujillo
|
0-0: Ball 1-0: Swinging Strike 1-1: Ball 2-1: SINGLE (Flyball, 7S, EV 85.0 MPH) George King to third Gavin Fimple to second
|
|
Pitching: RHP Joe Rivin
|
|
|
Batting: RHB Rick Concha
|
0-0: Foul Ball, location: 5F, Error on foul ball, E5 0-1: Foul Ball, location: 2F 0-2: Ball 1-2: Foul Ball, location: 2F 1-2: Ball 2-2: Foul Ball, location: 2F 2-2: Foul Ball, location: 2F 2-2: Foul Ball, location: 2F 2-2: Ball 3-2: Base on Balls George King scores Gavin Fimple to third Mike Trujillo to second
|
|
Batting: SHB Isaiah Cherry
|
0-0: Ball 1-0: Ball 2-0: Ball 3-0: Base on Balls Gavin Fimple scores Mike Trujillo to third Rick Concha to second
|
|
Batting: LHB William Hanley
|
0-0: Called Strike 0-1: Ball 1-1: Ball 2-1: Foul Ball, location: 2F 2-2: Foul Ball, location: 2F 2-2: Ball 3-2: DOUBLE (Line Drive, 78D, EV 108.1 MPH) Mike Trujillo scores Rick Concha scores Isaiah Cherry to third
|
|
Batting: RHB Salvador Caldera
|
0-0: Ball 1-0: Swinging Strike 1-1: Ball 2-1: Called Strike 2-2: Ground out 6-3 (Groundball, 6, EV 85.6 MPH) Isaiah Cherry scores
|
|
Batting: RHB Nate Calderin
|
0-0: Ball 1-0: Ball 2-0: Ball 3-0: Called Strike 3-1: Base on Balls
|
|
Batting: LHB Casper Kersten
|
0-0: Ball 1-0: Ball 2-0: SINGLE (Flyball, 6MD, EV 83.1 MPH) William Hanley to third Nate Calderin to second Runner from 3rd tries for Home, SAFE, throw by CF to home
|
|
Batting: RHB George King
|
0-0: Ball 1-0: Ball 2-0: SINGLE (Groundball, 6MD, EV 86.3 MPH) (infield hit) Nate Calderin to third Casper Kersten to second
|
|
Batting: RHB Gavin Fimple
|
0-0: Called Strike 0-1: Fielders Choice at 2nd, 6-4 (Groundball, 6, EV 88.1 MPH)
|
| Bottom of the 4th over - 6 runs, 4 hits, 1 error, 3 left on base; Quad Cities 0 - Hickory 10 |
| TOP OF THE 5TH |
|
Quad Cities River Bandits batting - Pitching for Hickory Crawdads : RHP Loeck Bakker
|
|
Batting: RHB Pete Isley
|
0-0: Called Strike 0-1: Swinging Strike 0-2: Strikes out swinging
|
|
Batting: LHB Doug Anderson
|
0-0: Ball 1-0: Foul Ball, location: 2F 1-1: Swinging Strike 1-2: Foul Ball, location: 2F 1-2: Ball 2-2: Ball 3-2: Fly out, F6 (Line Drive, 6, EV 65.0 MPH)
|
|
Batting: SHB Paskar Adegoke
|
0-0: Foul Ball, location: 2F 0-1: Foul Ball, location: 2F 0-2: Fly out, F6 (Flyball, 6D, EV 86.3 MPH)
|
| Top of the 5th over - 0 runs, 0 hits, 0 errors, 0 left on base; Quad Cities 0 - Hickory 10 |
| BOTTOM OF THE 5TH |
|
Hickory Crawdads batting - Pitching for Quad Cities River Bandits : RHP Joe Rivin
|
|
Batting: RHB Mike Trujillo
|
0-0: Called Strike 0-1: Ball 1-1: Ground out 6-3 (Groundball, 6, EV 86.9 MPH)
|
|
Batting: RHB Rick Concha
|
0-0: Called Strike 0-1: Ball 1-1: Reached on error, E4 (Groundball, 4, EV 86.3 MPH)
|
|
Batting: SHB Isaiah Cherry
|
0-0: Ball 1-0: Called Strike 1-1: Foul Ball, location: 2F 1-2: DOUBLE (Flyball, 89D, EV 96.9 MPH) Rick Concha to third
|
|
Batting: LHB William Hanley
|
0-0: Called Strike 0-1: Ball 1-1: Ball 2-1: Ball 3-1: Base on Balls
|
|
Pitching: RHP Adam Behrens
|
|
|
Batting: RHB Salvador Caldera
|
0-0: Ball 1-0: Foul Ball, location: 2F 1-1: Ball 2-1: Ball 3-1: Called Strike 3-2: Foul Ball, location: 2F 3-2: Strikes out swinging
|
|
Batting: RHB Nate Calderin
|
0-0: Called Strike 0-1: Swinging Strike 0-2: Ball 1-2: Ball 2-2: DOUBLE (Line Drive, 7LD, EV 103.1 MPH) Rick Concha scores Isaiah Cherry scores William Hanley to third
|
|
Batting: LHB Casper Kersten
|
0-0: DOUBLE (Line Drive, 8LXD, EV 105.6 MPH) William Hanley scores Nate Calderin scores
|
|
Batting: RHB George King
|
0-0: Hit by Pitch
|
|
Batting: RHB Gavin Fimple
|
0-0: Ball 1-0: Foul Ball, location: 2F 1-1: Ball 2-1: TRIPLE (Flyball, 8LXD, EV 107.5 MPH) Casper Kersten scores George King scores
|
|
Batting: RHB Mike Trujillo
|
0-0: Foul Ball, location: 2F 0-1: Foul Ball, location: 2F 0-2: Strikes out swinging
|
| Bottom of the 5th over - 6 runs, 4 hits, 1 error, 1 left on base; Quad Cities 0 - Hickory 16 |
| TOP OF THE 6TH |
|
Quad Cities River Bandits batting - Pitching for Hickory Crawdads : RHP Loeck Bakker
|
|
Batting: RHB Joe Cook
|
0-0: Called Strike 0-1: Ball 1-1: Ball 2-1: Ball 3-1: Called Strike 3-2: Strikes out looking
|
|
Batting: RHB Mike Henseler
|
0-0: DOUBLE (Line Drive, 3D, EV 95.6 MPH)
|
|
Batting: RHB Steve Moore
|
0-0: Ball 1-0: Ground out 5-3 (Groundball, 5S, EV 87.5 MPH)
|
|
Batting: LHB Kelvin Jones
|
0-0: Swinging Strike 0-1: Ball 1-1: Foul Ball, location: 2F 1-2: Strikes out swinging
|
| Top of the 6th over - 0 runs, 1 hit, 0 errors, 1 left on base; Quad Cities 0 - Hickory 16 |
| BOTTOM OF THE 6TH |
|
Hickory Crawdads batting - Pitching for Quad Cities River Bandits : RHP Adam Behrens
|
|
Batting: RHB Rick Concha
|
0-0: Called Strike 0-1: Ball 1-1: Ground out 5-3 (Groundball, 56, EV 85.6 MPH)
|
|
Batting: SHB Isaiah Cherry
|
0-0: Foul Ball, location: 2F 0-1: Foul Ball, location: 2F 0-2: Ball 1-2: Ball 2-2: Ball 3-2: SINGLE (Groundball, 3D, EV 101.9 MPH)
|
|
Batting: LHB William Hanley
|
0-0: Ball 1-0: Ball 2-0: 2-RUN HOME RUN (Flyball, 9D, EV 97.5 MPH), Distance : 383 ft
|
|
Pitching: RHP Ray Leuthauser
|
|
|
Batting: RHB Salvador Caldera
|
0-0: Called Strike 0-1: Called Strike 0-2: Ground out 6-3 (Groundball, 6S, EV 63.8 MPH)
|
|
Batting: RHB Nate Calderin
|
0-0: Ball 1-0: Ball 2-0: Called Strike 2-1: Ball 3-1: Reached on error, E6 (Groundball, 6, EV 100.0 MPH)
|
|
Batting: LHB Casper Kersten
|
0-0: Called Strike 0-1: Foul Ball, location: 2F 0-2: Ball 1-2: Fly out, F6 (Line Drive, 6, EV 69.4 MPH)
|
| Bottom of the 6th over - 2 runs, 2 hits, 1 error, 1 left on base; Quad Cities 0 - Hickory 18 |
| TOP OF THE 7TH |
|
Quad Cities River Bandits batting - Pitching for Hickory Crawdads : RHP Loeck Bakker
|
|
Now at 1B: Kevin Whalen
|
|
|
Batting: RHB Matt Parker
|
0-0: Ground out 5-3 (Groundball, 56S, EV 83.1 MPH)
|
|
Batting: LHB Chris Cabrera
|
0-0: Ground out 6-3 (Groundball, 6, EV 100.0 MPH)
|
|
Batting: RHB Pete Isley
|
0-0: Swinging Strike 0-1: Ball 1-1: Fly out, F9 (Line Drive, 9, EV 101.9 MPH)
|
| Top of the 7th over - 0 runs, 0 hits, 0 errors, 0 left on base; Quad Cities 0 - Hickory 18 |
| BOTTOM OF THE 7TH |
|
Hickory Crawdads batting - Pitching for Quad Cities River Bandits : RHP Ray Leuthauser
|
|
Batting: RHB George King
|
0-0: Called Strike 0-1: Fly out, F8 (Flyball, 8LD, EV 94.4 MPH)
|
|
Batting: RHB Gavin Fimple
|
0-0: Ball 1-0: Called Strike 1-1: Foul Ball, location: 2F 1-2: Ball 2-2: SOLO HOME RUN (Flyball, 78XD, EV 106.9 MPH), Distance : 431 ft
|
|
Batting: RHB Mike Trujillo
|
0-0: Ball 1-0: Swinging Strike 1-1: Ball 2-1: Foul Ball, location: 2F 2-2: Strikes out swinging
|
|
Pinch Hitting: RHB Franklin Pacheco
|
0-0: Foul Ball, location: 2F 0-1: Foul Ball, location: 2F 0-2: Foul Ball, location: 2F 0-2: Ball 1-2: Ground out 5-3 (Groundball, 56S, EV 67.5 MPH)
|
| Bottom of the 7th over - 1 run, 1 hit, 0 errors, 0 left on base; Quad Cities 0 - Hickory 19 |
| TOP OF THE 8TH |
|
Quad Cities River Bandits batting - Pitching for Hickory Crawdads : RHP Loeck Bakker
|
|
Now at 3B: Franklin Pacheco
|
|
|
Now at SS: Casper Kersten
|
|
|
Batting: LHB Doug Anderson
|
0-0: Called Strike 0-1: Ball 1-1: Ball 2-1: Foul Ball, location: 2F 2-2: SINGLE (Groundball, 4MD, EV 101.3 MPH)
|
|
Batting: SHB Paskar Adegoke
|
0-0: Ball 1-0: Ground out U3 (Groundball, 3S, EV 65.0 MPH) Doug Anderson to second
|
|
Batting: RHB Joe Cook
|
0-0: Called Strike 0-1: Swinging Strike 0-2: Strikes out swinging
|
|
Batting: RHB Mike Henseler
|
0-0: Ball 1-0: Ball 2-0: Foul Ball, location: 2F 2-1: Foul Ball, location: 2F 2-2: Foul Ball, location: 2F 2-2: Foul Ball, location: 2F 2-2: Ball 3-2: Foul Ball, location: 2F 3-2: Ground out 6-3 (Groundball, 6, EV 100.6 MPH)
|
| Top of the 8th over - 0 runs, 1 hit, 0 errors, 1 left on base; Quad Cities 0 - Hickory 19 |
| BOTTOM OF THE 8TH |
|
Hickory Crawdads batting - Pitching for Quad Cities River Bandits : RHP Ray Leuthauser
|
|
Batting: SHB Isaiah Cherry
|
0-0: Foul Ball, location: 2F 0-1: Ball 1-1: Foul Ball, location: 2F 1-2: Foul Ball, location: 2F 1-2: SINGLE (Line Drive, 78M, EV 107.5 MPH)
|
|
Batting: LHB William Hanley
|
0-0: Swinging Strike 0-1: Swinging Strike 0-2: Foul Ball, location: 2F 0-2: Ball 1-2: Foul Ball, location: 2F 1-2: Ball 2-2: Ball 3-2: Fielders Choice at 2nd, 4-6 (Groundball, 13, EV 82.5 MPH)
|
|
Batting: RHB Salvador Caldera
|
0-0: Ball 1-0: Ball 2-0: SINGLE (Line Drive, 9S, EV 105.0 MPH) William Hanley to second
|
|
Batting: LHB Kevin Whalen
|
0-0: Swinging Strike 0-1: Ball 1-1: Ball 2-1: Ball 3-1: Called Strike 3-2: Grounds into double play, 3-6-1 (Groundball, 34, EV 101.3 MPH)
|
| Bottom of the 8th over - 0 runs, 2 hits, 0 errors, 1 left on base; Quad Cities 0 - Hickory 19 |
| TOP OF THE 9TH |
|
Quad Cities River Bandits batting - Pitching for Hickory Crawdads : RHP Loeck Bakker
|
|
Pitching: LHP Logan Benson
|
|
|
Batting: RHB Steve Moore
|
0-0: Ball 1-0: Called Strike 1-1: Ball 2-1: Foul Ball, location: 2F 2-2: Strikes out swinging
|
|
Batting: LHB Kelvin Jones
|
0-0: Ball 1-0: Ball 2-0: Ball 3-0: Base on Balls
|
|
Batting: RHB Matt Parker
|
0-0: Ball 1-0: Ball 2-0: Called Strike 2-1: Foul Ball, location: 2F 2-2: Strikes out looking
|
|
Batting: LHB Chris Cabrera
|
0-0: Ball Passed Ball! Kelvin Jones to second 1-0: Swinging Strike 1-1: Ball 2-1: Foul Ball, location: 2F 2-2: Foul Ball, location: 2F 2-2: Ball 3-2: Foul Ball, location: 2F 3-2: Foul Ball, location: 2F 3-2: Foul Ball, location: 2F 3-2: Strikes out looking
|
| Top of the 9th over - 0 runs, 0 hits, 0 errors, 1 left on base; Quad Cities 0 - Hickory 19 |
|